 Dungeon Crawl Stone Soup version 0.27-a0-419-g7a85846853 (webtiles) character file.

Game seed: 13931281388833776670

1229 Chiseanne the Skirmisher (level 8, -4/64 HPs)
             Began as a Demonspawn Wanderer on Feb 26, 2021.
             Killed from afar by Maggie (17 damage)
             ... with a bolt of fire
             ... on level 6 of the Dungeon.
             The game lasted 00:09:02 (5749 turns).

Chiseanne the Skirmisher (Demonspawn Wanderer)      Turns: 5749, Time: 00:09:02

Health: -4/64      AC: 13    Str: 12    XL:     8   Next: 24%
Magic:  0/20       EV: 11    Int: 16    God:
Gold:   209        SH:  0    Dex: 13    Spells: 11/11 levels left

rFire    . . .     SeeInvis .   a - +5 dire flail (vorpal)
rCold    . . .     Faith    .   (shield currently unavailable)
rNeg     . . .     Spirit   +   b - +2 scale mail
rPois    .         Reflect  .   i - +1 helmet
rElec    .         Harm     .   (no cloak)
rCorr    .         Rampage  .   q - +1 pair of gloves
Will     .....                  (no boots)
Stlth    ..........             (no amulet)
HPRegen  0.20/turn              k - ring of magical power
MPRegen  0.34/turn              (no ring)

@: mesmerised
A: claws 2, powered by death 1, magic shield, magic regeneration
a: no special abilities


You were on level 6 of the Dungeon.
You visited 2 branches of the dungeon, and saw 7 of its levels.

You collected 209 gold pieces.

Inventory:

Hand Weapons
 a - a +5 vorpal dire flail (weapon)
 s - a +0 whip of venom
Missiles
 c - 46 poisoned darts (quivered)
 e - 154 stones
 f - 39 bolts
 h - 8 boomerangs
 l - 50 arrows
 n - 39 sling bullets
 p - 6 silver javelins
Armour
 b - a +2 scale mail (worn)
 i - a +1 helmet (worn)
 q - a +1 pair of gloves (worn)
Jewellery
 k - a ring of magical power (left hand)
 m - a +6 ring of intelligence
Wands
 d - a wand of random effects (10)
 y - a wand of paralysis (7)
Potions
 g - 2 potions of attraction {unknown}
 j - 7 potions of flight
 r - a potion of berserk rage {unknown}
 u - 5 potions of might
 w - a potion of heal wounds {unknown}
 z - 3 potions of curing
 A - 2 potions of lignification
 B - a potion of magic {unknown}


   Skills:
 * Level 6.0 Fighting
 - Level 1.0 Maces & Flails
 - Level 1.7 Throwing
 * Level 5.4 Armour
 * Level 5.0 Dodging
 - Level 2.0 Spellcasting
 - Level 1.0 Hexes


You had 11 spell levels left.
You didn't know any spells.
Your spell library was empty.

Dungeon Overview and Level Annotations

Branches:
Dungeon (6/15)             Temple (1/1) D:4

Altars:
Ashenzari
Cheibriados
Dithmenos
Elyvilon
Fedhas
Gozag
Hepliaklqana
Kikubaaqudgha
Makhleb
Nemelex Xobeh
Okawaru
Qazlal
Ru
Sif Muna
Trog
Uskayaw
Wu Jian
Xom
Yredelemnul
Zin
The Shining One

Annotations:
D:6 Maggie


Innate Abilities, Weirdness & Mutations

You have very sharp fingernails.
You regenerate a little health from kills.
When hurt, damage is shared between your health and your magic reserves.
You regenerate magic rapidly.


Message History

You closely miss Maggie.
Maggie is lightly wounded.
Maggie gestures wildly while chanting.
Maggie attempts to bespell you!
You are mesmerised by Maggie!
You hit Maggie but do no damage.
Maggie looks as sick as possible!
Maggie is lightly wounded.
Maggie closely misses you.
You closely miss Maggie.
Maggie is lightly wounded.
Maggie gestures wildly while chanting.
Maggie draws you further into her thrall.
You hit Maggie.
Maggie looks as sick as possible!
Maggie is lightly wounded.
Maggie barely misses you.
Your +0 whip of venom stops dripping with poison.
a - a +5 vorpal dire flail (weapon)
You puncture Maggie!
Maggie is heavily wounded.
Maggie gestures wildly while chanting.
Maggie draws you further into her thrall.
You barely miss Maggie.
Maggie is heavily wounded.
Maggie hits you but does no damage.
You hit Maggie.
Maggie is severely wounded.
Maggie casts a spell at you. The bolt of fire misses you.
Maggie casts a spell at you. The bolt of fire hits you!
You hit Maggie.
Maggie is almost dead.
Maggie points at you and mumbles some strange words.
The bolt of fire hits you!!
* * * LOW HITPOINT WARNING * * *
Your scale mail prevents you from hitting Maggie.
Maggie is almost dead.
Maggie points at you and mumbles some strange words.
The bolt of fire hits you!!
You die...

##### ...
.#... #.#
#.#... #.#
#.#... #.#
#.##.# #.#
#.##.# #.#
#.##@#
#.######.##@##
#<...........#
#######......#
#..###.# #..#
.# #..# .#
...# .# .....
.. ###.## ..


You could see Maggie (mesmerising, very poisoned).

Vanquished Creatures
  Edmund (D:5)
  An ice beast (D:5)
  4 ogres
  A phantom (D:4)
  Blork the orc (D:5)
  3 orc priests
  A hound (D:5)
  3 iguanas
  2 orc wizards
  2 worker ants
  A hound zombie (D:3)
  2 worker ant zombies (D:5)
  A howler monkey skeleton (D:4)
  8 gnolls
  3 adders
  An ooze (D:4)
  2 worms
  4 dart slugs
  2 leopard geckos (D:4)
  14 orcs
  3 ball pythons
  8 bats
  4 giant cockroaches
  3 goblins
  6 hobgoblins
  9 kobolds
  A quokka (D:5)
  5 frilled lizards
  A quokka skeleton (D:4)
  8 rats
105 creatures vanquished.

Notes
Turn   | Place    | Note
-------+----------+-------------------------------------------
     0 | D:1      | Chiseanne the Demonspawn Wanderer began the quest for the
                  | Orb.
     0 | D:1      | Chiseanne set off with the following items: a +0 mace, a +2
                  | scale mail, 7 poisoned darts, a +0 dagger
     0 | D:1      | Reached XP level 1. HP: 16/16 MP: 3/3
   210 | D:1      | Gained mutation: You regenerate a little health from kills.
                  | [demonic ancestry]
   210 | D:1      | Reached XP level 2. HP: 15/22 MP: 5/5
   416 | D:1      | Reached skill level 1 in Dodging
   646 | D:2      | Gained mutation: You regenerate magic rapidly. [demonic
                  | ancestry]
   646 | D:2      | Reached XP level 3. HP: 28/28 MP: 6/6
  1017 | D:2      | Reached skill level 3 in Fighting
  1017 | D:2      | Reached XP level 4. HP: 13/35 MP: 7/7
  1567 | D:2      | You fall into a shaft and drop 2 floors!
  1598 | D:4      | Noticed a phantom
  1634 | D:4      | Killed a phantom
  1635 | D:4      | Gained mutation: When hurt, damage is shared between your
                  | health and your magic reserves. [demonic ancestry]
  1635 | D:4      | Reached XP level 5. HP: 12/41 MP: 8/8
  2070 | D:4      | Found a staircase to the Ecumenical Temple.
  2079 | Temple   | Entered the Ecumenical Temple
  2513 | D:4      | Reached XP level 6. HP: 40/48 MP: 9/9
  2671 | D:4      | Reached skill level 4 in Fighting
  3490 | D:3      | Found an opulent altar of Gozag.
  3998 | D:4      | Gained mutation: You have sharp fingernails. [demonic
                  | ancestry]
  3998 | D:4      | Reached XP level 7. HP: 32/55 MP: 10/10
  4216 | D:5      | Entered Level 5 of the Dungeon
  4358 | D:5      | Reached skill level 5 in Fighting
  4918 | D:5      | Noticed Blork the orc
  4935 | D:5      | Killed Blork the orc
  4936 | D:5      | Reached skill level 5 in Armour
  5103 | D:5      | Noticed Edmund
  5151 | D:5      | Killed Edmund
  5152 | D:5      | Gained mutation: You have very sharp fingernails. [demonic
                  | ancestry]
  5152 | D:5      | Reached XP level 8. HP: 46/64 MP: 11/11
  5311 | D:5      | Reached skill level 5 in Dodging
  5322 | D:5      | Reached skill level 6 in Fighting
  5482 | D:5      | Found a sparkling altar of Nemelex Xobeh.
  5731 | D:6      | Noticed Maggie
  5749 | D:6      | Killed from afar by Maggie

Illustrated notes

Levels and vault maps discovered:
D:1:      roderic_chinese_lattice_arrival, layout_loops_corners, minmay_cut_off
D:2:      layout_rooms
D:3:      layout_loops_ring, nicolae_gozag_cash_rules_everything_around_me
D:4:      layout_rooms, minmay_temple_entry_ruins, portal_sewer_entry_d,
          hex_large, hangedman_decor_diamond_cutter, chequers_decorated_corner,
          minmay_misc_feat_square
D:5:      layout_rooms, basic_altar, uniq_edmund, uniq_blork_the_orc
D:6:      layout_loops_ring, overflow_temple_1_default, uniq_maggie
Temple:   compressed_dpeg_triangle_lava_temple

Skill      XL: |  1  2  3  4  5  6  7  8 |
---------------+-------------------------+-----
Armour         | 2 3 4 5 |  5.4
Dodging        | 1 2 3 4 5 |  5.0
Fighting       | 3 4 5 6 |  6.0
Maces & Flails | |  1.0
Throwing       | |  1.7
Spellcasting   | |  2.0
Hexes          | |  1.0

Action                   |  1- 3 |  4- 6 |  7- 9 || total
-------------------------+-------+-------+-------++-------
Melee: Mace              |   108 |     9 |       ||   117
       Long sword        |       |    36 |       ||    36
       Quarterstaff      |       |   197 |    85 ||   282
       Whip              |       |     4 |    32 ||    36
       Dire flail        |       |       |    38 ||    38
Throw: Dart              |       |    13 |     8 ||    21
  Use: Scroll            |       |     2 |     6 ||     8
       Potion            |       |     1 |     1 ||     2
Armor: Scale mail        |    87 |   137 |    78 ||   302
Dodge: Dodged            |    69 |   141 |    91 ||   301
       Rpst.: Long sword |       |     7 |       ||     7

Table legend: (Time is in decaauts)
 A = Elapsed time spent in this place.
 B = Non-inter-level travel time spent in this place.
 C = Inter-level travel time spent in this place.
 D = Time resting spent in this place.
 E = Time spent auto-exploring this place.
 F = Levels seen in this place.
 G = Mean time per level.
                   A        B        C        D        E       F      G
               +--------+--------+--------+--------+--------+-----+--------+
         Total |   5881 |   5798 |     83 |   1834 |   2777 |   7 |  840.1 |
       Dungeon |   5778 |   5695 |     83 |   1834 |   2730 |   6 |  963.0 |
        Temple |    103 |    103 |      0 |      0 |     47 |   1 |  103.0 |
               +--------+--------+--------+--------+--------+-----+--------+

Top non-repeatable levels by time:
     D:5: 1510 daAuts
     D:4: 1458 daAuts
     D:3: 1088 daAuts
     D:2: 904 daAuts
     D:1: 787 daAuts
  Temple: 103 daAuts
     D:6: 28 daAuts
